 Dungeon Crawl Stone Soup version 0.16.0-17-g811c1d7 (webtiles) character file.

177 Fluffy the Slasher (level 5, -2/38 HPs)
             Began as a Demonspawn Gladiator on Mar 21, 2015.
             Slain by an orc
             ... wielding a +0 flail
              (7 damage)
             ... on level 3 of the Dungeon.
             The game lasted 00:05:12 (1882 turns).

Fluffy the Slasher (Demonspawn Gladiator)           Turns: 1882, Time: 00:05:12

Health: -2/38      AC:  4    Str: 15    XL:     5   Next: 30%
Magic:  5/5        EV: 12    Int:  9    God:
Gold:   74         SH:  0    Dex: 15    Spells: 0 memorised, 4 levels left

rFire  + . .     SeeInvis .     a - +0 long sword
rCold  . . .     Clarity  .     w - +0 leather armour (curse)
rNeg   . . .     SustAb   .     (no shield)
rPois  .         Gourm    .     (helmet restricted)
rElec  .         Spirit   .     (no cloak)
rCorr  .         Warding  .     p - +0 pair of gloves
rMut   .         Stasis   .     (no boots)
MR     +....                    o - amulet of regeneration
Stlth  +.........               y - ring of protection from fire
                                i - ring of protection from magic

@: very slightly contaminated, somewhat resistant to hostile enchantments, very
unstealthy
A: antennae 1, powered by death 1
a: no special abilities


You were on level 3 of the Dungeon.
You were not hungry.

You visited 1 branch of the dungeon, and saw 3 of its levels.

You collected 74 gold pieces.

Inventory:

Hand weapons
 a - a +0 long sword (weapon)
Missiles
 d - 3 throwing nets (quivered)
Armour
 n - a +0 ring mail
 p - a +0 pair of gloves (worn)
 w - a cursed +0 leather armour (worn)
Jewellery
 i - a ring of protection from magic (left hand)
 o - an amulet of regeneration (around neck)
 y - a ring of protection from fire (right hand)
Magical devices
 b - a wand of slowing (10)
Scrolls
 c - a scroll of enchant armour {unknown}
 e - 2 scrolls of blinking
 h - 3 scrolls of teleportation {unknown}
 j - 3 scrolls of remove curse {unknown}
 m - a scroll of amnesia {unknown}
 t - 2 scrolls of recharging {unknown}
Potions
 k - a potion of restore abilities {unknown}
 l - a potion of might {unknown}
 q - a potion of agility {unknown}
 r - a potion of invisibility {unknown}
 v - a potion of heal wounds {unknown}
 x - a potion of poison {unknown}
Comestibles
 f - a bread ration
 g - 5 fruits
 s - a meat ration
 u - a chunk of flesh


   Skills:
 - Level 2.0 Fighting
 + Level 5.5 Long Blades
 - Level 1.7 Throwing
 - Level 2.6 Dodging


You had 4 spell levels left.
You didn't know any spells.

Dungeon Overview and Level Annotations

Branches:
Dungeon (3/15)

Altars:
Kikubaaqudgha


Innate Abilities, Weirdness & Mutations

You have a pair of small antennae on your head.
You can steal the life force of nearby defeated enemies.


Message History

The orc is heavily wounded.
The orc hits you. The orc closely misses you.
You hit the orc.
The orc is almost dead.
The orc hits you.
You barely miss the orc.
The orc is almost dead.
The orc hits you with a flail.
* * * LOW HITPOINT WARNING * * *
The orc misses you.
You closely miss the orc.
The orc is almost dead.
The orc hits you with a flail!
* * * LOW HITPOINT WARNING * * *
The orc hits you.
* * * LOW HITPOINT WARNING * * *
You hit the orc!
You kill the orc!
The orc hits you with a flail!
You die...

..# #.# . #.# ... #.#
..... #.# #########
.....## ##.# ##.....##.
#.....##..####........<
#..o†....##..........
####@.....#........>.
##.....#...†.....[
#................
##....#...........
........[.........
..................
...............##.
.............####
......###....#


You could see an orc.

Vanquished Creatures
  An orc priest (D:3)
  Jessica (D:2)
  Robin (D:3)
  3 adders (D:2)
  5 worms (D:2)
  An ooze (D:1)
  An orc (D:3)
  4 bats
  A giant cockroach (D:1)
  15 goblins
  7 hobgoblins
  6 jackals
  4 kobolds
  2 quokkas (D:2)
  2 giant newts (D:2)
  9 rats
63 creatures vanquished.

Vanquished Creatures (others)
  A human (D:2)
1 creature vanquished.

Grand Total: 64 creatures vanquished

Notes
Turn   | Place    | Note
--------------------------------------------------------------
     0 | D:1      | Fluffy, the Demonspawn Gladiator, began the quest for the Orb.
     0 | D:1      | Reached XP level 1. HP: 16/16 MP: 1/1
    34 | D:1      | Reached skill level 3 in Long Blades
    71 | D:1      | Gained mutation: You have a pair of small antennae on your head. [demonic ancestry]
    71 | D:1      | Reached XP level 2. HP: 20/22 MP: 2/2
   573 | D:2      | Reached XP level 3. HP: 18/27 MP: 3/3
   589 | D:2      | Reached skill level 4 in Long Blades
   861 | D:2      | Noticed Jessica
   866 | D:2      | Killed Jessica
   879 | D:2      | Reached XP level 4. HP: 20/33 MP: 4/4
  1082 | D:2      | Found an ancient bone altar of Kikubaaqudgha.
  1082 | D:2      | Noticed a human
  1085 | D:2      | Killed a human
  1308 | D:2      | Reached skill level 5 in Long Blades
  1712 | D:3      | Noticed Robin
  1811 | D:3      | Killed Robin
  1811 | D:3      | Gained mutation: You can steal the life force of nearby defeated enemies. [demonic ancestry]
  1811 | D:3      | Reached XP level 5. HP: 28/38 MP: 5/5
  1882 | D:3      | Slain by an orc

Action                   |  1- 3 |  4- 6 || total
-------------------------+-------+-------++-------
Melee: Long sword        |    81 |    92 ||   173
  Use: Scroll            |       |     1 ||     1
  Eat: Chunk             |       |     4 ||     4
